Map: Simulacrum LE

Players

MikeHawk - Winner!

  • Race: Terran Terran
  • League: Master
  • Spawn Location: 5:00

Khodi

  • Race: Terran Terran
  • League: Grandmaster
  • Spawn Location: 11:00

VOD

Have the link to the VOD?

Description

Time

  • Played on: Dec. 20, 2019, 10:59 a.m.
  • Length: 9:29
Show
View Real Time Build Order
Export as new Build Order

MikeHawk Terran - Winner!

Build Orders: Gas First Reaper Expand 

Get SALT Encoding   

  12  0:01  SCV  
  13  0:13  SCV  
  14  0:17  Supply Depot  
  14  0:25  SCV  
  15  0:30  Refinery  
  15  0:38  SCV  
  16  0:44  Barracks  
  16  0:50  SCV  
  17  1:03  SCV  
  18  1:15  SCV  
  19  1:31  Orbital Command, Reaper  
  20  1:45  Command Center  
  20  1:57  Factory  
  20  2:01  SCV  
  21  2:08  Barracks Reactor  
  21  2:13  SCV  
  22  2:17  Supply Depot  
  22  2:25  SCV  
  22  2:26  Refinery  
  23  2:39  SCV  
  23  2:45  Marine x2, Hellion  
  23  2:50  Starport  
  23  2:51  SCV  
  28  2:59  Orbital Command  
  28  3:03  SCV  
  28  3:04  Marine  
  30  3:06  Marine  
  30  3:10  Factory Tech Lab  
  31  3:15  SCV  
  32  3:22  Marine  
  32  3:24  Marine  
  32  3:26  SCV  
  34  3:27  SCV  
  35  3:38  Viking  
  35  3:39  Cyclone  
  35  3:40  SCV  
  41  3:44  SCV  
  42  3:51  Supply Depot  
  42  3:52  SCV  
  43  3:56  SCV, Marine  
  43  3:59  Marine  
  45  4:04  SCV  
  46  4:13  SCV  
  46  4:14  Supply Depot  
  46  4:16  SCV  
  48  4:17  Factory Tech Lab  
  48  4:20  Marine x2  
  48  4:21  Raven  
  52  4:25  SCV  
  52  4:28  SCV  
  54  4:36  Siege Tank  
  54  4:37  SCV  
  58  4:40  SCV  
  57  4:48  Command Center  
  57  4:49  SCV  
  59  4:52  SCV  
  59  4:56  Supply Depot  
  59  5:01  SCV  
  59  5:04  SCV  
  61  5:13  SCV  
  62  5:15  Barracks, Stimpack  
  62  5:16  Starport Reactor  
  62  5:17  Barracks, Marine  
  62  5:18  SCV  
  64  5:25  SCV, Supply Depot  
  63  5:30  SCV  
  63  5:31  Refinery  
  64  5:35  Marine  
  64  5:36  Refinery  
  64  5:38  SCV  
  64  5:42  SCV  
  64  5:46  Siege Tank  
  67  5:50  Engineering Bay, SCV  
  67  5:51  Engineering Bay  
  67  5:53  Marine  
  67  5:54  SCV  
  70  6:00  Starport Reactor  
  70  6:01  Orbital Command  
  70  6:02  SCV  
  71  6:06  Barracks x2, SCV  
  71  6:10  Marine x2  
  74  6:11  Marine x2  
  74  6:14  SCV  
  74  6:17  Terran Infantry Weapons Level 1  
  74  6:18  SCV, Terran Infantry Armor Level 1, Siege Tank, Marine  
  77  6:23  Orbital Command  
  82  6:26  SCV  
  82  6:28  Marine x2  
  82  6:29  Marine  
  82  6:30  SCV  
  82  6:32  Marine  
  88  6:36  Marine  
  88  6:38  SCV  
  90  6:42  SCV  
  90  6:46  Marine x2  
  93  6:56  SCV  
  93  6:57  Medivac x2, Marine x2  
  93  6:58  Barracks Reactor x2, SCV x2, Supply Depot  
  93  6:59  Supply Depot  
  100  7:08  Combat Shield, SCV  
  101  7:16  Marine  
  101  7:20  SCV x2, Siege Tank, Marine x3  
  101  7:21  SCV, Marine  
  111  7:27  Supply Depot  
  111  7:28  Supply Depot  
  111  7:32  SCV x2  
  111  7:33  Medivac x2, Marine  
  118  7:38  Marine x4  
  118  7:39  Refinery  
  118  7:40  Refinery  
  118  7:43  Marine x2  
  123  7:44  Marine x2  
  123  7:50  Armory  
  125  7:51  Marine  
  125  7:52  Sensor Tower  
  125  7:55  Siege Tank, Marine x3  
  125  7:56  Marine  
  133  8:01  Marine x2  
  133  8:02  Marine x2  
  133  8:04  SCV x2  
  140  8:05  SCV  
  140  8:09  Marine  
  141  8:14  Marine  
  141  8:20  Marine  
  141  8:22  Marine  
  141  8:24  Factory  
  141  8:37  Supply Depot  
  141  8:38  Supply Depot  
  141  8:48  Marine x8  
  141  8:54  Command Center  
  150  9:02  Barracks Reactor  
  150  9:06  Marine x3  
  150  9:08  Marine x2  
Show
View Real Time Build Order
Export as new Build Order

Khodi Terran 

Build Orders: Reaper Expand 

Get SALT Encoding   

  12  0:00  SCV  
  13  0:13  SCV  
  14  0:17  Supply Depot  
  14  0:25  SCV  
  15  0:38  SCV  
  15  0:39  Barracks  
  16  0:44  Refinery  
  16  0:50  SCV  
  17  1:02  SCV  
  18  1:15  SCV  
  19  1:27  Orbital Command, Reaper  
  20  1:45  Command Center  
  20  1:53  SCV  
  21  1:59  Marine  
  21  2:00  Supply Depot  
  22  2:05  SCV  
  23  2:13  Factory  
  23  2:22  Barracks Reactor, SCV  
  24  2:24  Refinery  
  24  2:36  SCV  
  24  2:48  SCV  
  25  2:56  Factory Tech Lab  
  25  2:58  Bunker, Orbital Command  
  25  3:00  SCV  
  25  3:04  Marine x2  
  28  3:12  SCV  
  29  3:15  Cyclone  
  29  3:16  Supply Depot  
  32  3:24  SCV  
  32  3:25  Marine  
  32  3:26  Marine  
  35  3:31  SCV  
  35  3:36  SCV  
  36  3:43  SCV, Marine x2  
  39  3:49  SCV  
  39  3:52  Cyclone  
  39  3:55  SCV  
  44  4:01  SCV, Marine  
  46  4:03  Starport  
  46  4:04  Marine  
  46  4:07  SCV  
  46  4:09  Supply Depot  
  48  4:13  SCV  
  49  4:19  SCV, Marine  
  49  4:22  Marine  
  52  4:25  SCV  
  53  4:31  SCV  
  53  4:35  Barracks x2  
  53  4:36  Refinery  
  53  4:37  Factory Tech Lab, SCV, Marine  
  56  4:38  Supply Depot  
  56  4:44  SCV  
  57  4:47  Marine  
  57  4:49  SCV  
  59  4:55  Marine  
  59  4:56  SCV  
  61  5:03  Raven  
  61  5:04  Siege Tank  
  61  5:06  SCV  
  67  5:08  SCV  
  67  5:11  Refinery  
  68  5:18  SCV  
  69  5:23  SCV, Command Center  
  70  5:33  Barracks Tech Lab x2  
  70  5:34  Supply Depot x2  
  70  5:37  Marine x2  
  70  5:38  Engineering Bay x2, SCV x2  
  71  5:50  SCV x2, Siege Tank  
  71  5:51  Combat Shield, Stimpack  
  71  5:53  Marine  
  77  5:57  Starport Reactor  
  77  6:02  SCV x2  
  79  6:09  Marine x3  
  82  6:11  Marine  
  82  6:14  SCV x2  
  85  6:20  Terran Infantry Weapons Level 1, Terran Infantry Armor Level 1  
  85  6:26  SCV x2, Marine  
  85  6:27  Siege Tank  
  91  6:38  SCV x2  
  91  6:39  Medivac  
  95  6:40  Marine x3  
  95  6:41  Medivac  
  95  6:43  Orbital Command  
  95  6:44  Marine  
  101  6:57  Marine  
  101  6:58  Marine x2  
  102  7:02  SCV x2, Marine  
  102  7:04  Barracks x2, Factory  
  105  7:09  SCV  
  105  7:14  SCV x2  
  108  7:15  Marine  
  109  7:22  Supply Depot  
  109  7:23  Supply Depot  
  109  7:31  Supply Depot  
  109  7:36  SCV x2, Medivac x2, Marine x2  
  117  7:37  Supply Depot  
  117  7:38  Supply Depot x2  
  117  7:44  SCV, Marine x2  
  117  7:49  SCV x2, Refinery  
  117  7:50  Supply Depot, Refinery  
  122  7:52  Supply Depot  
  122  7:56  SCV  
  123  8:01  SCV x2  
  123  8:03  Siege Tank x2  
  123  8:04  Armory  
  131  8:11  Marine  
  131  8:12  Barracks Reactor x2, Marine x3  
  131  8:23  Medivac x2  
  135  8:29  Marine  
  135  8:30  Marine x3  
  139  8:35  Siege Tank  
  139  8:42  Siege Tank  
  139  8:47  Marine  
  139  8:48  Marine x3  
  145  8:50  Command Center  
  145  8:55  Marine x4  
  148  9:05  Marine x2  
  148  9:06  Marine  
Tags
 
Add a new tag
Caveats
  • Supply blocks, unpowered buildings, or Contaminate may cause inaccurate times.
  • Supply counts are checked every 10 seconds.